 Dungeon Crawl Stone Soup version 0.30.1-3-gfc49f6343a (webtiles) character file.

Game seed: 539424291952099460

1767 hawla the Magician (level 9, 0/67 HPs)
             Began as a Meteoran Fire Elementalist on July 22, 2023.
             Slain by sapphirevixen's ghost (8 damage)
             ... on level 6 of the Dungeon on July 23, 2023.
             The game lasted 00:10:11 (3037 turns).

hawla the Magician (Meteoran Fire Elementalist)     Turns: 3037, Time: 00:10:11

Health: 0/67       AC:  4    Str: 10    XL:     9   Next: 53%
Magic:  3/20       EV: 13    Int: 21    God:
Gold:   205        SH:  0    Dex: 15    Spells: 15/22 levels left

rFire   . . .        d - +4 flail (drain)
rCold   . . .        (no shield)
rNeg    . . .        a - +2 robe
rPois   .            (no helmet)
rElec   .            (no cloak)
rCorr   +            (no gloves)
SInv    .            (no boots)
Will    +....        (no amulet)
Stlth   +            f - ring of resist corrosion
HPRegen 0.31/turn    (no ring)
MPRegen 0.17/turn

%: no passive effects
@: glowing
A: sense surroundings 2, otherworldly, glowing, explore regen
a: no special abilities


You were on level 6 of the Dungeon.
You visited 1 branch of the dungeon, and saw 6 of its levels.

You collected 205 gold pieces.

Inventory:

Hand Weapons
 d - a +4 flail of draining (weapon)
Armour
 a - a +2 robe (worn)
 p - the +1 chain mail "Duushuax" {Regen+ MP+9}
   (You found it on level 4 of the Dungeon)

   MP:        It affects your magic capacity (+9).
   Regen:     It increases your rate of health regeneration.
Jewellery
 f - a ring of resist corrosion (left hand)
Wands
 c - a wand of paralysis (15)
 l - a wand of digging (6)
Scrolls
 n - 2 scrolls of vulnerability
Potions
 g - a potion of degeneration
 h - a potion of attraction {unknown}
 k - a potion of berserk rage {unknown}
 m - a potion of mutation {unknown}
 r - a potion of curing
 s - a potion of heal wounds {unknown}


   Skills:
 - Level 1.6 Fighting
 + Level 7.1 Maces & Flails
 - Level 4.0 Dodging
 - Level 1.4 Stealth
 - Level 7.2 Spellcasting
 - Level 5.5 Conjurations
 - Level 7.1 Fire Magic
 - Level 3.0 Evocations


You had 15 spell levels left.
You knew the following spells:

 Your Spells              Type           Power      Damage    Failure   Level
a - Foxfire               Conj/Fire      100%       2x1d9     1%          1
b - Scorch                Fire           74%        2d8       1%          2
c - Flame Wave            Conj/Fire      34%        2d10      6%          4

Your spell library contained the following spells:

 Spells                   Type           Power      Damage    Failure   Level
 Inner Flame              Hex/Fire       22%        N/A       6%          3
 Volatile Blastmotes      Fire/Tloc      44%        2d13      6%          3
 Apportation              Tloc           14%        N/A       9%          1
 Dazzling Flash           Conj/Hex       38%        N/A       9%          3
 Frozen Ramparts          Ice            14%        1d3       26%         3
 Vhi's Electric Charge    Tloc/Air       14%        N/A       26%         3
 Arcjolt                  Conj/Air       9%         1d19      58%         5
 Ice Form                 Ice/Tmut       7%         N/A       65%         4
 Summon Ice Beast         Ice/Summ       7%         N/A       65%         4
 Agony                    Necr           7%         N/A       94%         5
 Alistair's Intoxication  Tmut/Pois      4%         N/A       94%         5
 Silence                  Hex/Air        3%         N/A       94%         5
 Maxwell's Capacitive Co  Air            3%         ∞         100%        8


Dungeon Overview and Level Annotations

Branches:
Dungeon (6/15) Zot: 549    Temple (0/1) D:5

Altars:
Elyvilon
Uskayaw
Zin
The Shining One

Annotations:
D:4 1 runed translucent door, jsudlow's ghost, novice TrBe
D:6 sapphirevixen's ghost, novice GrBe


Innate Abilities, Weirdness & Mutations

You passively map the area around you.
You are easily found by Zot.
You glow in the dark.
You regain HP and MP as you explore.


Message History

Confirm with . or Enter, or press ? or * to list all spells.
Flames lash sapphirevixen's ghost but do no damage.
Shmup's ghost hits you but does no damage.
Sapphirevixen's ghost hits you!
Casting: Scorch (safe; 1% risk of failure)
Confirm with . or Enter, or press ? or * to list all spells.
Flames lash shmup's ghost.
Shmup's ghost is severely damaged.
Shmup's ghost's fire resistance burns away.
Shmup's ghost hits you but does no damage.
Sapphirevixen's ghost hits you.
Casting: Scorch (safe; 1% risk of failure)
Confirm with . or Enter, or press ? or * to list all spells.
Flames lash shmup's ghost.
Shmup's ghost is burned terribly!
You destroy shmup's ghost!
Sapphirevixen's ghost misses you.
Your Maces & Flails skill gained 3 levels and is now at level 7!
Unknown command.
Casting: Scorch (safe; 1% risk of failure)
Confirm with . or Enter, or press ? or * to list all spells.
Casting: Flame Wave (dangerous; 6% risk of failure)
Press: ? - help, Dir - look around, f - activate A wave of flame ripples out!
The flame wave engulfs sapphirevixen's ghost.
Sapphirevixen's ghost is lightly damaged. (Press . to intensify the flame waves.) Sapphirevixen's ghost hits you!
Okay, then.
It was a potion of curing.
You feel better.
Sapphirevixen's ghost screams, "There is no future for me!"
Sapphirevixen's ghost hits you!
* * * LOW HITPOINT WARNING * * *
Unknown command.
Okay, then.
You feel better. Sapphirevixen's ghost hits you!
* * * LOW HITPOINT WARNING * * *
As you read the scroll labelled FAVIQETORO, it crumbles to dust.
The scroll dissolves into smoke.
It was a scroll of fog.
Sapphirevixen's ghost hits you!
You die...

≈≈.§§##..#.........#......#.....#
≈#?#≈≈##'#.........+......#.....#
...§.§#..#.........#......#.....#
≈#.#§≈#..'.........#......#......
≈≈.≈≈##..#######...########......
#≈.≈##...##[.⌠.#.................
##'##...##8....#.................
...##...#......#§§...............
...#....#......§@§..............#
...##...#⌠.....W§§..............#
...##...#......'................#
...##...#!.....#..#.............#
#####...##8....#..#########.....#
.........##.P⌠.#### #.....#
..........##### #.....#
..........# #.....# ..........#
#.....#


You could see sapphirevixen's ghost.

Vanquished Creatures
  The ghost of shmup the Arsonist, a novice TeFE (D:6)
  Sigmund (D:6)
  2 water moccasins
  An ice beast (D:6)
  2 ogres
  3 phantoms
  A bullfrog (D:6)
  2 hounds (D:4)
  3 orc priests
  3 sleepcaps
  2 iguanas
  An orc wizard (D:5)
  2 adders (D:4)
  A white imp (D:6)
  An ufetubus (D:5)
  A worm (D:4)
  A dart slug (D:1)
  13 orcs
  4 endoplasms
  A giant cockroach (D:1)
  3 hobgoblins
  5 kobolds
  2 ball pythons
  4 bats
  4 frilled lizards
  6 goblins
  A rat (D:2)
71 creatures vanquished.

Vanquished Creatures (collateral kills)
  A water moccasin (D:6)
  A bullfrog (D:6)
2 creatures vanquished.

Vanquished Creatures (others)
  104 foxfires
104 creatures vanquished.

Grand Total: 177 creatures vanquished

Notes
Turn   | Place    | Note
-------+----------+-------------------------------------------
     0 | D:1      | hawla the Meteoran Fire Elementalist began the quest for
                  | the Orb.
     0 | D:1      | Reached XP level 1. HP: 14/14 MP: 5/5
   211 | D:1      | Reached XP level 2. HP: 20/20 MP: 6/6
   214 | D:1      | Learned a level 2 spell: Scorch
   463 | D:1      | Reached XP level 3. HP: 26/26 MP: 5/8
   500 | D:1      | Glimpsed the power of Zot.
   746 | D:3      | Reached XP level 4. HP: 33/33 MP: 1/10
   753 | D:3      | Reached XP level 5. HP: 11/38 MP: 3/12
   762 | D:3      | Learned a level 4 spell: Flame Wave
   957 | D:4      | Identified the +1 chain mail "Duushuax" {Regen+ MP+9}
  1011 | D:4      | Noticed a phantom
  1016 | D:4      | Killed a phantom
  1017 | D:4      | Reached XP level 6. HP: 45/45 MP: 7/13
  1222 | D:4      | Reached skill level 5 in Fire Magic
  1336 | D:4      | Reached skill level 1 in Evocations
  1336 | D:4      | Reached XP level 7. HP: 25/50 MP: 6/14
  1435 | D:4      | Found a runed translucent door.
  1435 | D:4      | Noticed jsudlow's ghost (novice TrBe)
  1838 | D:5      | Entered Level 5 of the Dungeon
  1897 | D:5      | Found a hide-covered altar of Uskayaw.
  1959 | D:5      | Noticed a water moccasin
  1963 | D:5      | Killed a water moccasin
  1964 | D:5      | Reached skill level 5 in Spellcasting
  1964 | D:5      | Reached skill level 5 in Conjurations
  2012 | D:5      | Found a staircase to the Ecumenical Temple.
  2076 | D:5      | Found a glowing golden altar of the Shining One.
  2131 | D:5      | Found a white marble altar of Elyvilon.
  2185 | D:5      | Found a glowing silver altar of Zin.
  2185 | D:5      | Noticed an angel
  2478 | D:6      | Noticed a water moccasin
  2481 | D:6      | Reached skill level 1 in Fighting
  2481 | D:6      | Reached XP level 8. HP: 49/59 MP: 17/17
  2485 | D:6      | Reached skill level 1 in Maces & Flails
  2708 | D:6      | Noticed Sigmund
  2714 | D:6      | Killed Sigmund
  2761 | D:6      | Gained mutation: You passively map the area around you.
                  | [Meteoran growth]
  2761 | D:6      | Reached XP level 9. HP: 24/64 MP: 13/20
  2774 | D:6      | Found a runed translucent gate.
  2775 | D:6      | Found a runed translucent gate.
  2776 | D:6      | Found a runed translucent gate.
  2777 | D:6      | Noticed shmup's ghost (novice TeFE)
  2777 | D:6      | Noticed sapphirevixen's ghost (novice GrBe)
  3033 | D:6      | Killed shmup's ghost
  3037 | D:6      | Slain by sapphirevixen's ghost

Illustrated notes

Levels and vault maps discovered:
D:1:      sevenhm_arrival_forest_fort_large_3, layout_basic,
          minmay_stone_trees_medium
D:2:      layout_loops_ring, serial_shops, nicolae_shop_advertising_works
          [nicolae_subvault_shop_adworks], kennysheep_potato
D:3:      layout_loops_corners, serial_shops, shop
D:4:      layout_cave_pods, gammafunk_ghost_grave
D:5:      layout_loops_cross, mainiacjoe_overflow_small_starburst, zin_angel,
          mainiacjoe_overflow_cross_hatched, tso_oasis_becter,
          minmay_temple_entry_hall
D:6:      layout_gridville, gammafunk_ghost_cemetery, kennysheep_small_circle,
          uniq_sigmund

Skill      XL: |  1  2  3  4  5  6  7  8  9 |
---------------+----------------------------+-----
Fire Magic     | 4 5 7 |  7.1
Spellcasting   | 3 4 5 7 |  7.2
Conjurations   | 2 4 5 |  5.5
Evocations     | 1 3 |  3.0
Dodging        | 3 4 |  4.0
Fighting       | 1 |  1.6
Maces & Flails | 2 7 |  7.1
Stealth        | |  1.4

Action                     |  1- 3 |  4- 6 |  7- 9 || total
---------------------------+-------+-------+-------++-------
  Melee: Unarmed           |    11 |       |       ||    11
         Flail             |       |     8 |    36 ||    44
         Punch             |       |       |     2 ||     2
   Cast: Foxfire           |    30 |    15 |    18 ||    63
         Scorch            |     9 |    14 |    39 ||    62
         Flame Wave        |       |     2 |     6 ||     8
    Use: Potion            |       |     1 |     2 ||     3
         Scroll            |       |       |     9 ||     9
 Armour: Robe              |    10 |     4 |    18 ||    32
  Dodge: Dodged            |    14 |     9 |    34 ||    57
